 Dungeon Crawl Stone Soup version 0.31-a0-271-gb88eb75 (webtiles) character file.

Game seed: 12450635203399746014

8860 lyrin the Carver (level 11, -2/64 HPs)
             Began as a Tengu Enchanter on July 14, 2023.
             Was an Elder of Okawaru.
             Killed by nerve-wracking pain
             ... invoked by an orc priest
              (3 damage)
             ... on level 10 of the Dungeon.
             The game lasted 00:13:26 (10160 turns).

lyrin the Carver (Tengu Enchanter)                 Turns: 10160, Time: 00:13:27

Health: -2/64      AC: 12    Str:  8    XL:     11   Next: 37%
Magic:  31/31      EV: 16    Int: 19    God:    Okawaru [****..]
Gold:   610        SH:  0    Dex: 16    Spells: 20/23 levels left

rFire   . . .        t - +7 Throatcutter {drain, coup de grace}
rCold   . . .        (no shield)
rNeg    . . .        E - +0 acid dragon scales
rPois   .            J - +1 hat {Stlth+}
rElec   .            j - +2 cloak
rCorr   +            q - +0 pair of gloves
SInv    +            (boots unavailable)
Will    .....        (no amulet)
Stlth   +++          D - ring of see invisible
HPRegen 0.30/turn    I - ring of magical power
MPRegen 0.22/turn

%: no passive effects
@: flying quickly and evasively, quick
A: beak, talons 3, nimble flight
a: Renounce Religion, Heroism, Finesse


You were on level 10 of the Dungeon.
You worshipped Okawaru.
Okawaru was greatly pleased with you.
You visited 2 branches of the dungeon, and saw 11 of its levels.

You collected 610 gold pieces.

Inventory:

Hand Weapons
 a - a +1 dagger
 m - a +2 heavy sling
 t - the +7 Throatcutter (weapon) {drain, coup de grace}
   (You took it off Terence on level 3 of the Dungeon)
Armour
 j - a +2 cloak (worn)
 q - a +0 pair of gloves (worn)
 E - +0 acid dragon scales (worn)
 J - a +1 hat of stealth (worn)
Jewellery
 s - an amulet of faith
 D - a ring of see invisible (left hand)
 I - a ring of magical power (right hand)
Talismans
 k - a beast talisman
Wands
 v - a wand of flame (46)
 F - a wand of mindburst (13)
 H - a wand of roots (10)
 K - a wand of quicksilver (2)
Scrolls
 d - a scroll of silence {unknown}
 e - 4 scrolls of fear {unknown}
 g - 4 scrolls of teleportation {unknown}
 i - 3 scrolls of identify {unknown}
 o - 3 scrolls of amnesia {unknown}
 u - 4 scrolls of revelation {unknown}
 x - 3 scrolls of poison {unknown}
 y - a scroll of blinking {unknown}
 z - 2 scrolls of enchant armour {unknown}
 B - a scroll of fog {unknown}
 C - a scroll of noise {unknown}
Potions
 b - a potion of attraction {unknown}
 c - 2 potions of invisibility
 f - a potion of magic {unknown}
 h - 3 potions of might {unknown}
 l - 2 potions of ambrosia {unknown}
 n - 4 potions of degeneration {unknown}
 p - 3 potions of brilliance {unknown}
 r - 4 potions of lignification {unknown}
 w - 2 potions of curing {unknown}
 A - a potion of haste {unknown}
 G - 3 potions of heal wounds {unknown}


   Skills:
 + Level 5.8 Fighting
 + Level 3.0(7.4) Short Blades
 + Level 10.6(10.9) Long Blades
 + Level 3.8 Armour
 + Level 6.8 Dodging
 - Level 3.8 Stealth
 * Level 6.6 Spellcasting
 - Level 5.0 Hexes
 * Level 4.7 Invocations


You had 20 spell levels left.
You knew the following spells:

 Your Spells              Type           Power      Damage    Failure   Level
a - Confusing Touch       Hex            25%        N/A       7%          3

Your spell library contained the following spells:

 Spells                   Type           Power      Damage    Failure   Level
 Ensorcelled Hibernation  Hex/Ice        30%        N/A       10%         2
 Magic Dart               Conj           24%        1d4       19%         1
 Sting                    Tmut/Pois      24%        1d4       19%         1
 Dazzling Flash           Conj/Hex       30%        N/A       19%         3
 Inner Flame              Hex/Fire       15%        N/A       19%         3
 Blink                    Tloc           12%        N/A       26%         2
 Lesser Beckoning         Tloc           12%        N/A       26%         2
 Momentum Strike          Conj/Tloc      12%        3d8       26%         2
 Poisonous Vapours        Pois/Air       12%        N/A       26%         2
 Mephitic Cloud           Conj/Pois/Air  6%         N/A       47%         3
 Anguish                  Hex/Necr       7%         N/A       54%         4
 Olgreb's Toxic Radiance  Pois           6%         N/A       87%         4
 Yara's Violent Unravell  Hex/Tmut       7%         3d5       87%         5
 Enfeeble                 Hex            12%        N/A       100%        7
 Tukima's Dance           Hex            Unusable   N/A       N/A         3
 Call Imp                 Summ           Unusable   N/A       N/A         2

Dungeon Overview and Level Annotations

Branches:
Dungeon (10/15)            Temple (1/1) D:6            Lair (0/5) D:8
    Orc (0/2) D:9

Altars:
Ashenzari
Cheibriados
Dithmenos
Elyvilon
Fedhas
Gozag
Hepliaklqana
Kikubaaqudgha
Makhleb
Nemelex Xobeh
Okawaru
Qazlal
Ru
Sif Muna
Uskayaw
Vehumet
Wu Jian
Xom
Yredelemnul
Zin
The Shining One

Shops:
D:2 [   D:6 ([   D:9 *


Innate Abilities, Weirdness & Mutations

You have a beak for a mouth.
You have claws for feet.
Your magical nature lets you fly swiftly and evasively.


Message History

Okawaru accepts your kill.
The orc priest looks encouraged for a moment.
The orc warrior hits you with a +0 scimitar.
Items here: ( ))))) [[[[[ ††.
You closely miss the orc warrior.
The orc warrior is lightly wounded.
The orc warrior seems less drained.
You slash the orc warrior!
You behead the orc warrior!
You kill the orc warrior!
Okawaru accepts your kill.
You slash the orc!
You kill the orc!
You slash the orc!
You kill the orc!
Okawaru accepts your kill.
You barely miss the orc. You claw the orc.
The orc is almost dead.
The orc misses you.
The orc priest casts a cantrip, but nothing happens.
You barely miss the orc.
The orc is almost dead.
The orc priest calls down the wrath of Beogh upon you.
Beogh smites you!
* * * LOW HITPOINT WARNING * * *
The orc hits you but does no damage.
You slash the orc!
You kill the orc!
Okawaru accepts your kill.
The orc curses repeatedly.
The orc priest closely misses you.
Items here: ))))) [[[[ †††.
You barely miss the orc priest.
The orc priest invokes the aid of Beogh against you.
Pain shoots through your body!
* * * LOW HITPOINT WARNING * * *
You closely miss the orc priest. Your kick misses the orc priest.
Your peck misses the orc priest.
The orc priest calls down the wrath of Beogh upon you.
Pain shoots through your body!
You die...

########### # #.........#
# #....(....# #######
####.).......# .o$....
#..))........#####oo....o
#.##)..........)@oooo....
'.##.........#####ooo...$
####.........# .oo.... #
#.........# o...... #
#.........# ...$...
##.########


oo..... #.# #####+# .# You could see an orc priest and 11 orcs.

Vanquished Creatures
  Pikel (D:7)
  Maggie (D:7)
  Psyche (D:9)
  2 hornets
  Grinder (D:4)
  11 yaks (D:9)
  A spriggan (D:8)
  A wraith (D:8)
  3 water moccasins
  6 black bears
  A sky beast (D:7)
  3 ice beasts
  2 ogres
  9 orc warriors
  2 centaurs
  2 phantoms (D:5)
  A lemure (D:7)
  3 kobold brigands
  6 bullfrogs (D:8)
  5 scorpions
  10 wights
  9 killer bees
  2 howler monkeys
  A crimson imp (D:5)
  3 hounds
  2 jellies (D:6)
  7 orc priests
  2 sleepcaps
  Terence (D:3)
  6 orc wizards
  2 iguanas (D:4)
  Robin (D:2)
  4 gnolls
  11 adders
  A shadow imp (D:5)
  A white imp (D:6)
  An ufetubus (D:5)
  5 worms
  3 dart slugs
  57 orcs
  2 bats
  5 endoplasms
  2 giant cockroaches
  16 goblins
  9 hobgoblins
  4 jackals
  3 quokkas
  5 ball pythons
  5 frilled lizards
  21 kobolds
  4 rats
267 creatures vanquished.

Vanquished Creatures (others)
  An orc (D:9)
1 creature vanquished.

Grand Total: 268 creatures vanquished

Notes
Turn   | Place    | Note
-------+----------+-------------------------------------------
     0 | D:1      | lyrin the Tengu Enchanter began the quest for the Orb.
     0 | D:1      | Reached XP level 1. HP: 10/10 MP: 4/4
   190 | D:1      | Reached XP level 2. HP: 15/15 MP: 6/6
   408 | D:1      | Found a faded altar of an unknown god.
  1085 | D:2      | Reached XP level 3. HP: 19/19 MP: 7/7
  1441 | D:1      | Learned a level 3 spell: Confusing Touch
  1793 | D:2      | Found a broken altar of Ashenzari.
  1805 | D:2      | Reached XP level 4. HP: 20/24 MP: 8/8
  2124 | D:2      | Found Keshrasm's Antique Armour Boutique.
  2280 | D:3      | Noticed Terence
  2289 | D:3      | Killed Terence
  2290 | D:3      | Gained mutation: Your magical nature lets you fly swiftly
                  | and evasively. [Tengu growth]
  2290 | D:3      | Reached XP level 5. HP: 17/28 MP: 5/9
  2432 | D:3      | Reached skill level 1 in Fighting
  2565 | D:3      | Noticed Robin
  2716 | D:2      | Killed Robin
  2835 | D:3      | Reached XP level 6. HP: 34/34 MP: 11/11
  3130 | D:3      | Reached skill level 1 in Long Blades
  3257 | D:4      | Noticed Grinder
  3270 | D:4      | Killed Grinder
  3271 | D:4      | Reached skill level 2 in Long Blades
  3385 | D:4      | Found a hide-covered altar of Uskayaw.
  3469 | D:4      | Reached XP level 7. HP: 39/39 MP: 12/12
  3506 | D:4      | Reached skill level 3 in Long Blades
  3678 | D:4      | Found a blossoming altar of Fedhas.
  4079 | D:5      | Entered Level 5 of the Dungeon
  4143 | D:5      | Reached skill level 4 in Long Blades
  4186 | D:5      | Reached XP level 8. HP: 45/45 MP: 14/14
  4297 | D:5      | Reached skill level 5 in Long Blades
  4773 | D:5      | Reached skill level 6 in Long Blades
  4828 | D:5      | Found a burning altar of Makhleb.
  4914 | D:6      | Found Hegircha's Antique Armour Emporium.
  4982 | D:6      | Reached XP level 9. HP: 50/51 MP: 16/16
  5016 | D:6      | Found a staircase to the Ecumenical Temple.
  5030 | Temple   | Entered the Ecumenical Temple
  5111 | Temple   | Became a worshipper of Warmaster Okawaru
  5224 | D:6      | Reached skill level 7 in Long Blades
  5485 | D:6      | Reached skill level 1 in Invocations
  5597 | D:6      | Found Coagem's Antique Weapon Shoppe.
  5617 | D:6      | Reached skill level 5 in Dodging
  5619 | D:6      | Found a snail-covered altar of Cheibriados.
  5752 | D:7      | Noticed Pikel
  5759 | D:7      | Killed Pikel
  5759 | D:7      | Reached * piety under Okawaru
  5781 | D:7      | Noticed Maggie
  5792 | D:7      | Killed Maggie
  5793 | D:7      | Reached skill level 8 in Long Blades
  5793 | D:7      | Reached skill level 5 in Spellcasting
  6251 | D:6      | Reached ** piety under Okawaru
  6426 | D:7      | Reached XP level 10. HP: 56/56 MP: 18/18
  6463 | D:7      | Reached skill level 1 in Armour
  7089 | D:8      | Found a radiant altar of Vehumet.
  7524 | D:7      | Reached skill level 5 in Hexes
  7742 | D:8      | Reached *** piety under Okawaru
  7745 | D:8      | Found a staircase to the Lair.
  7764 | D:8      | Reached skill level 9 in Long Blades
  8407 | D:8      | Found a faded altar of an unknown god.
  8407 | D:8      | Found a sparkling altar of Nemelex Xobeh.
  8416 | D:8      | Found a faded altar of an unknown god.
  8418 | D:8      | Found an ancient bone altar of Kikubaaqudgha.
  8420 | D:8      | Found a basalt altar of Yredelemnul.
  8491 | D:8      | Found a shimmering altar of Xom.
  8944 | D:9      | Found Zin's Purification Station.
  8947 | D:9      | Reached skill level 5 in Fighting
  9044 | D:9      | Reached **** piety under Okawaru
  9144 | D:9      | Reached XP level 11. HP: 50/64 MP: 21/21
  9264 | D:9      | Found a glowing silver altar of Zin.
  9300 | D:9      | Noticed Psyche
  9311 | D:9      | Reached skill level 10 in Long Blades
  9321 | D:9      | Killed Psyche
  9378 | D:9      | Found a staircase to the Orcish Mines.
  9473 | D:9      | Found a sacrificial altar of Ru.
  9559 | D:9      | Found a shimmering blue altar of Sif Muna.
  9686 | D:9      | Found a stormy altar of Qazlal.
 10005 | D:10     | Entered Level 10 of the Dungeon
 10159 | D:10     | HP: 1/64 [orc priest/nerve-wracking pain (14)]
 10160 | D:10     | Killed from afar by an orc priest

Illustrated notes

Levels and vault maps discovered:
D:1:      ncdulo_halloftheorcs, layout_basic,
          hellmonk_ecumenical_altar_slurped_away, grunt_decor_cap,
          minmay_door_square
D:2:      layout_loops_cross, serial_shops, nicolae_shop_crystal, basic_altar
D:3:      layout_loops_ring, uniq_robin, uniq_terence
D:4:      minmay_skewed_foursquare, layout_loops_ring, fedhas_altar_fruit_tree,
          marbit_many_paths, chequers_serial_rivers_room_b, uniq_grinder
D:5:      layout_loops_cross, makhleb_grotto_becter
D:6:      layout_cave_pools, mainiacjoe_overflow_paths,
          minmay_temple_entry_drinking_statues, serial_shops,
          kennysheep_mini_moat, kennysheep_windowed_goal
D:7:      layout_loops_ring, uniq_pikel, uniq_maggie
D:8:      layout_loops_ring, nicolae_vehumet_radiance,
          chequers_temple_overflow_minitemple, lemuel_doored_altar,
          due_lair_maze_entry_diamond, the_hattery
D:9:      layout_rooms, mainiacjoe_overflow_concentric_impassable,
          nicolae_sif_muna_condensation, zin_purify,
          mainiacjoe_overflow_boulevard, david_orc_5, uniq_psyche
D:10:     layout_roguey [special_room_orc], cheibrodos_ashenzari_chains,
          trog_butcher_becter
Temple:   hellmonk_temple_of_storms

Skill      XL: |  1  2  3  4  5  6  7  8  9 10 11 |
---------------+----------------------------------+-----
Short Blades   | 2 3 |  3.0
Fighting       | 1 2 3 4 5 |  5.8
Hexes          | 3 4 5 |  5.0
Dodging        | 3 4 5 6 |  6.8
Long Blades    | 2 4 6 8 9 10 | 10.6
Spellcasting   | 3 4 5 6 |  6.6
Invocations    | 2 4 |  4.7
Armour         | 3 |  3.8
Stealth        | |  3.8

Action                     |  1- 3 |  4- 6 |  7- 9 | 10-12 || total
---------------------------+-------+-------+-------+-------++-------
  Melee: Dagger            |    92 |    36 |       |       ||   128
         Kick              |    13 |    15 |    45 |    64 ||   137
         Peck              |    12 |     8 |    33 |    36 ||    89
         Punch             |     1 |       |     3 |     1 ||     5
         Long sword        |       |    69 |   170 |   253 ||   492
   Cast: Confusing Touch   |       |     1 |       |     1 ||     2
   Stab: Sleeping          |     6 |     2 |    10 |     8 ||    26
         Confused          |       |     1 |       |       ||     1
         Distracted        |       |     1 |     1 |       ||     2
 Armour: Robe              |    12 |    32 |    27 |       ||    71
         Acid dragon scale |       |       |    13 |    58 ||    71
  Dodge: Dodged            |    38 |    61 |   124 |   178 ||   401
         Form:             |     1 |       |       |       ||     1
         Beast             |     1 |       |       |       ||     1

Table legend: (Time is in decaauts)
 A = Elapsed time spent in this place.
 B = Non-inter-level travel time spent in this place.
 C = Inter-level travel time spent in this place.
 D = Time resting spent in this place.
 E = Time spent auto-exploring this place.
 F = Levels seen in this place.
 G = Mean time per level.
                   A        B        C        D        E       F      G
               +--------+--------+--------+--------+--------+-----+--------+
         Total |   9742 |   9523 |    219 |   2315 |   5347 |  11 |  885.6 |
       Dungeon |   9652 |   9474 |    178 |   2315 |   5310 |  10 |  965.2 |
        Temple |     90 |     49 |     41 |      0 |     37 |   1 |   90.0 |
               +--------+--------+--------+--------+--------+-----+--------+

Top non-repeatable levels by time:
     D:8: 1768 daAuts
     D:7: 1296 daAuts
     D:2: 1233 daAuts
     D:1: 1150 daAuts
     D:6: 916 daAuts
     D:3: 825 daAuts
     D:9: 777 daAuts
     D:5: 776 daAuts
     D:4: 765 daAuts
    D:10: 143 daAuts
  Temple: 90 daAuts
